 Dungeon Crawl Stone Soup version 0.26-a0-810-ge1a9524b62 (webtiles) character file.

Game seed: 16572806652959745963

11102 robertstho the Grappler (level 11, -10/105 HPs)
             Began as a Troll Fighter on Nov 12, 2020.
             Was a High Priest of Okawaru.
             Mangled by Urug
             ... wielding a +4 eveningstar
              (22 damage)
             ... on level 10 of the Dungeon.
             The game lasted 00:13:25 (8267 turns).

robertstho the Grappler (Troll Fighter)             Turns: 8267, Time: 00:13:25

Health: -10/105    AC:  8    Str: 28    XL:     11   Next: 44%
Magic:  11/13      EV: 14    Int:  5    God:    Okawaru [*****.]
Gold:   755        SH: 12    Dex:  9    Spells: 10/10 levels left

rFire    . . .     SeeInvis .     - Unarmed
rCold    . . .     Faith    .   b - +0 kite shield
rNeg     . . .     Spirit   .   B - +2 robe {MR+}
rPois    +         Reflect  .   (helmet restricted)
rElec    .         Harm     .   (no cloak)
rCorr    .         Rampage  .   (gloves unavailable)
MR       +....                  (boots unavailable)
Stlth    ++........             (no amulet)
HPRegen  0.67/turn              A - ring of poison resistance
MPRegen  0.13/turn              v - ring of attention

@: heroism
A: large, unfitting armour, claws 3, regeneration 1, shaggy fur 1, tough skin 3
a: Heroism, Finesse, Renounce Religion


You were on level 10 of the Dungeon.
You worshipped Okawaru.
Okawaru was extremely pleased with you.
You visited 2 branches of the dungeon, and saw 11 of its levels.

You collected 755 gold pieces.

Inventory:

Hand Weapons
 p - a +6 vorpal dire flail
 x - a +5 trident of freezing
 G - the +8 morningstar "Taaz" {antimagic, rN+++ Str+3 Int-4 Dex+3}
   (You found it on level 8 of the Dungeon)

   It reduces the magical energy of the wielder, and disrupts the spells and
   magical abilities of those hit.
   Natural abilities and divine invocations are not affected.
   It affects your strength (+3).
   It affects your intelligence (-4).
   It affects your dexterity (+3).
   It renders you almost immune to negative energy.
Missiles
 r - 3 large rocks (quivered)
Armour
 b - a +0 kite shield (worn)
 B - a +2 robe of magic resistance (worn)
Jewellery
 v - a ring of attention (right claw)
 y - an uncursed ring of flight
 A - a ring of poison resistance (left claw)
 H - an uncursed ring of wizardry {unknown}
Wands
 o - a wand of iceblast (9)
 C - a wand of random effects (42)
 F - a wand of paralysis (12)
 J - a wand of flame (27)
Scrolls
 g - a scroll of identify
 h - 6 scrolls of remove curse
 i - a scroll of enchant weapon {unknown}
 j - 2 scrolls of enchant armour {unknown}
 k - 2 scrolls of immolation
 m - 3 scrolls of amnesia {unknown}
 s - 2 scrolls of fog {unknown}
 t - 4 scrolls of teleportation
 u - a scroll of blinking
 w - a scroll of silence
 z - 2 scrolls of magic mapping
 I - a scroll of random uselessness {unknown}
 K - a scroll of fear {unknown}
Potions
 a - a potion of curing
 c - 2 potions of lignification
 d - a potion of resistance
 e - a potion of magic
 f - 3 potions of brilliance
 l - a potion of mutation
 n - 3 potions of flight
 q - 2 potions of might
 E - a potion of attraction


   Skills:
 * Level 6.2(11.2) Fighting
 + Level 1.0(6.0) Maces & Flails
 + Level 5.9(10.9) Dodging
 - Level 0.9(5.9) Stealth
 + Level 5.5(10.5) Shields
 * Level 13.1(18.1) Unarmed Combat
 * Level 4.4 Invocations
 + Level 0.2 Evocations


You had 10 spell levels left.
You didn't know any spells.
Your spell library contained the following spells:

 Spells                   Type           Power        Failure   Level
 Beastly Appendage        Tmut           #.....       47%         1
 Wereblood                Tmut           #.......     63%         2
 Spider Form              Tmut/Pois      #.........   85%         3
 Ice Form                 Ice/Tmut       #.......     99%         4
 Blade Hands              Tmut           #.........   100%        5


Dungeon Overview and Level Annotations

Branches:
Dungeon (10/15)            Temple (1/1) D:7            Lair (0/6) D:8
    Orc: D:9-12

Altars:
Ashenzari
Cheibriados
Dithmenos
Elyvilon
Fedhas
Gozag
Hepliaklqana
Kikubaaqudgha
Makhleb
Nemelex Xobeh
Okawaru
Qazlal
Ru
Sif Muna
Trog
Uskayaw
Vehumet
Wu Jian
Xom
Yredelemnul
Zin
The Shining One

Shops:
D:7 (

Annotations:
D:5 1 runed translucent door, Zonian's ghost, novice GnTm
D:10 Urug


Innate Abilities, Weirdness & Mutations

You are too large for most types of armour.
You have claws for hands.
Your natural rate of healing is unusually fast.
You are covered in fur. (AC +1)
You have extremely tough skin. (AC +3)


Message History

Urug throws a javelin.
The javelin closely misses you.
You see here a javelin.
Urug is nearby!
Urug is nearby!
Urug is nearby!
Urug throws a javelin.
The javelin pierces through you!
Urug zaps a wand.
The bolt of acid misses you.
Urug zaps a wand.
The bolt of acid hits you!
You are splashed with acid!
Urug throws a javelin.
The javelin pierces through you.
You see here a leather armour.
Urug throws a javelin.
The javelin pierces through you!
You are too injured to fight recklessly!
You are too injured to fight recklessly!
You gain the combat prowess of a mighty hero.
Urug zaps a wand.
The bolt of acid hits you!!
* * * LOW HITPOINT WARNING * * *
You are splashed with acid!
* * * LOW HITPOINT WARNING * * *
Urug hits you with a +4 eveningstar!!
You die...

############
#..........####
#.........†....
######..............
#.o@.[...(..........
#...................
#######.............
#.............
#.......######
#.......#.....
#######.......#.....
#..........<..#.....
#.............#.....


You could see Urug.

Vanquished Creatures
  A hydra (D:10)
  A boulder beetle (D:10)
  4 two-headed ogres
  The ghost of DarkMailMan the Martial Artist, a novice MfTm of Cheibriados (D:8)
  Pikel (D:7)
  A komodo dragon (D:10)
  A hornet (D:9)
  Prince Ribbit (D:5)
  A troll (D:9)
  Grinder (D:3)
  9 yaks (D:10)
  Edmund (D:4)
  A water moccasin (D:10)
  An orc warrior (D:10)
  3 phantoms
  An eye of draining (D:8)
  3 ice beasts
  A sky beast (D:10)
  3 ogres
  4 centaurs
  A wyvern zombie (D:10)
  5 bullfrogs
  A gnoll sergeant (D:5)
  3 scorpions
  6 wights
  A howler monkey (D:4)
  A bullfrog zombie (D:8)
  A centaur zombie (D:8)
  2 bullfrog skeletons (D:9)
  6 hounds
  4 jellies
  A centaur skeleton (D:10)
  7 orc wizards
  Natasha (twice) (D:3)
  Ijyb (D:3)
  4 iguanas
  10 worker ants
  A hound skeleton (D:10)
  10 adders
  An ufetubus (D:5)
  4 oozes
  4 adder skeletons
  3 worms
  2 dart slugs
  4 leopard geckos
  25 orcs
  6 bats
  5 giant cockroaches
  10 goblins
  3 hobgoblins
  3 jackals
  11 kobolds
  2 quokkas
  10 frilled lizards
  A jackal zombie (D:5)
  6 rats
207 creatures vanquished.

Notes
Turn   | Place    | Note
-------+----------+-------------------------------------------
     0 | D:1      | robertstho the Troll Fighter began the quest for the Orb.
     0 | D:1      | Reached XP level 1. HP: 22/22 MP: 0/0
   136 | D:1      | Reached XP level 2. HP: 29/29 MP: 1/1
   366 | D:1      | Reached XP level 3. HP: 31/36 MP: 2/2
  1257 | D:2      | Reached XP level 4. HP: 44/45 MP: 3/3
  1432 | D:2      | Reached skill level 3 in Unarmed Combat
  1751 | D:3      | Noticed Grinder
  1763 | D:3      | Killed Grinder
  1763 | D:3      | Reached skill level 4 in Unarmed Combat
  1763 | D:3      | Reached XP level 5. HP: 24/53 MP: 4/4
  1763 | D:3      | Reached XP level 6. HP: 28/61 MP: 5/5
  2020 | D:3      | Noticed Natasha
  2027 | D:3      | Killed Natasha
  2089 | D:3      | Noticed Ijyb
  2097 | D:3      | Killed Ijyb
  2097 | D:3      | Reached skill level 5 in Unarmed Combat
  2209 | D:3      | Noticed Natasha
  2217 | D:3      | Killed Natasha
  2293 | D:4      | Noticed Edmund
  2316 | D:4      | Killed Edmund
  2316 | D:4      | Reached XP level 7. HP: 31/68 MP: 6/6
  2591 | D:4      | Noticed an angel
  2594 | D:4      | Found a glowing silver altar of Zin.
  2595 | D:4      | Found a shimmering altar of Xom.
  2782 | D:4      | Reached skill level 6 in Unarmed Combat
  3171 | D:5      | Entered Level 5 of the Dungeon
  3328 | D:5      | Reached skill level 7 in Unarmed Combat
  3328 | D:5      | Reached XP level 8. HP: 65/78 MP: 7/7
  3640 | D:5      | Noticed Prince Ribbit
  3659 | D:5      | Found a runed translucent door.
  3661 | D:5      | Noticed Zonian's ghost (novice GnTm)
  3718 | D:5      | Killed Prince Ribbit
  3878 | D:5      | Reached skill level 8 in Unarmed Combat
  4558 | D:6      | Reached skill level 9 in Unarmed Combat
  4558 | D:6      | Reached XP level 9. HP: 76/85 MP: 8/8
  4889 | D:7      | Noticed Pikel
  4899 | D:7      | Killed Pikel
  5186 | D:7      | Found a staircase to the Ecumenical Temple.
  5222 | D:7      | Found Joihae Wapn's Antique Weapon Emporium.
  5422 | Temple   | Entered the Ecumenical Temple
  5605 | Temple   | Became a worshipper of Warmaster Okawaru
  5735 | D:8      | Reached skill level 10 in Unarmed Combat
  5935 | D:8      | Found a staircase to the Lair.
  6044 | D:8      | Found a bloodstained altar of Trog.
  6045 | D:8      | Found a snail-covered altar of Cheibriados.
  6047 | D:8      | Found a shadowy altar of Dithmenos.
  6047 | D:8      | Found a large runed translucent door.
  6047 | D:8      | Found a large runed translucent door.
  6048 | D:8      | Noticed a two-headed ogre
  6051 | D:8      | Found a stormy altar of Qazlal.
  6051 | D:8      | Found a burning altar of Makhleb.
  6051 | D:8      | Found an opulent altar of Gozag.
  6051 | D:8      | Found a sacrificial altar of Ru.
  6055 | D:8      | Killed a two-headed ogre
  6055 | D:8      | Reached * piety under Okawaru
  6055 | D:8      | Reached skill level 5 in Fighting
  6055 | D:8      | Reached skill level 1 in Invocations
  6102 | D:8      | Found a basalt altar of Yredelemnul.
  6107 | D:8      | Found an ancient bone altar of Kikubaaqudgha.
  6108 | D:8      | Found an ornate altar of the Wu Jian Council.
  6125 | D:8      | Noticed DarkMailMan's ghost (novice MfTm)
  6217 | D:8      | Reached skill level 5 in Dodging
  6342 | D:8      | Got a dazzling morningstar
  6342 | D:8      | Identified the +8 morningstar "Taaz" {antimagic, rN+++
                  | Str+3 Int-4 Dex+3} (You found it on level 8 of the Dungeon)
  6436 | D:8      | Killed DarkMailMan's ghost
  6436 | D:8      | Reached ** piety under Okawaru
  6436 | D:8      | Reached XP level 10. HP: 92/96 MP: 10/10
  6487 | D:9      | Reached skill level 11 in Unarmed Combat
  6972 | D:9      | Noticed a two-headed ogre
  6976 | D:9      | Killed a two-headed ogre
  6976 | D:9      | Reached *** piety under Okawaru
  6976 | D:9      | Reached skill level 5 in Shields
  7315 | D:10     | Entered Level 10 of the Dungeon
  7337 | D:10     | Noticed a boulder beetle
  7350 | D:10     | Killed a boulder beetle
  7350 | D:10     | Reached **** piety under Okawaru
  7350 | D:10     | Reached skill level 12 in Unarmed Combat
  7643 | D:10     | Noticed a two-headed ogre
  7654 | D:10     | Killed a two-headed ogre
  7654 | D:10     | Reached XP level 11. HP: 34/105 MP: 9/12
  7848 | D:10     | Noticed a seven-headed hydra
  7854 | D:10     | Killed an eight-headed hydra
  7854 | D:10     | Reached ***** piety under Okawaru
  7884 | D:10     | Reached skill level 13 in Unarmed Combat
  8001 | D:10     | Noticed a two-headed ogre
  8008 | D:10     | Killed a two-headed ogre
  8252 | D:10     | Reached skill level 1 in Maces & Flails
  8260 | D:10     | Noticed Urug
  8267 | D:10     | Mangled by Urug

Illustrated notes

Levels and vault maps discovered:
D:1:      elethiomel_arrival_infinity_welcomes_careful_drivers,
          layout_loops_corners
D:2:      layout_basic
D:3:      layout_rooms, uniq_grinder, uniq_natasha, uniq_ijyb
D:4:      layout_basic, grunt_temple_overflow_order_and_chaos_1, uniq_edmund
D:5:      layout_loops_ring, ebering_ghost_inner_flame, minmay_puff,
          uniq_prince_ribbit1
D:6:      layout_basic, st_stairs_4
D:7:      layout_cave_pools, minmay_temple_entry_poolview, serial_shops,
          nicolae_shop_overgrown_old_shop, serial_column_ruins,
          column_ruins_grid_1, column_ruins_corridor_straight,
          column_ruins_grid_1, column_ruins_open_small, column_ruins_columns_T,
          uniq_pikel
D:8:      layout_gridville, minitemple, dpeg_oklobed_lair,
          ebering_ghost_disaster_area, feat_on_display
D:9:      statuecave_lemuel, layout_basic
D:10:     layout_irregular_city, uniq_urug
Temple:   jpeg_temple_alley_garden

Skill      XL: |  1  2  3  4  5  6  7  8  9 10 11 |
---------------+----------------------------------+-----
Fighting       | 3 4 5 6 |  6.2
Unarmed Combat | 4 5 7 9 10 12 13 | 13.1
Dodging        | 3 4 5 |  5.9
Shields        | 3 4 5 |  5.5
Invocations    | 2 3 4 |  4.4
Maces & Flails | 1 |  1.0
Stealth        | |  0.9
Evocations     | |  0.2

Action                   |  1- 3 |  4- 6 |  7- 9 | 10-12 || total
-------------------------+-------+-------+-------+-------++-------
Melee: Unarmed           |   126 |    92 |   313 |   196 ||   727
       Morningstar       |       |       |       |    10 ||    10
Throw: Large rock        |       |       |       |     1 ||     1
Invok: Heroism           |       |       |       |     5 ||     5
Evoke: Wand              |       |       |       |     2 ||     2
  Use: Potion            |       |     3 |     2 |     1 ||     6
       Scroll            |       |       |     6 |     6 ||    12
Armor: Robe              |    40 |    20 |    72 |    38 ||   170
       Skin              |       |     6 |       |       ||     6
Dodge: Dodged            |    47 |    26 |    72 |    72 ||   217
Block: Kite shield       |    63 |    48 |   118 |    95 ||   324

Table legend: (Time is in decaauts)
 A = Elapsed time spent in this place.
 B = Non-inter-level travel time spent in this place.
 C = Inter-level travel time spent in this place.
 D = Time resting spent in this place.
 E = Time spent auto-exploring this place.
 F = Levels seen in this place.
 G = Mean time per level.
                   A        B        C        D        E       F      G
               +--------+--------+--------+--------+--------+-----+--------+
         Total |   8215 |   7844 |    371 |    443 |   6033 |  11 |  746.8 |
       Dungeon |   7990 |   7660 |    330 |    443 |   5864 |  10 |  799.0 |
        Temple |    224 |    183 |     41 |      0 |    169 |   1 |  224.0 |
               +--------+--------+--------+--------+--------+-----+--------+

Top non-repeatable levels by time:
     D:1: 1007 daAuts
     D:5: 986 daAuts
     D:9: 924 daAuts
     D:4: 894 daAuts
    D:10: 839 daAuts
     D:8: 792 daAuts
     D:6: 715 daAuts
     D:2: 705 daAuts
     D:7: 562 daAuts
     D:3: 561 daAuts
  Temple: 224 daAuts
